TOP OF THE 1ST |
Ft. Worth Cattlemen batting - Pitching for D.C. Divided : RHP César Sandoval
|
Pitching: RHP César Sandoval
|
|
Batting: RHB Jurgen Flurgenburgen
|
0-0: Called Strike 0-1: Ball 1-1: Swinging Strike 1-2: DOUBLE (Groundball, 5L, EV 95.0 MPH)
|
Batting: RHB Scotty Glenn
|
0-0: SINGLE (Line Drive, 6D, EV 104.4 MPH) Jurgen Flurgenburgen to third
|
Batting: SHB Kolby Hay
|
0-0: Called Strike 0-1: Ball Scotty Glenn steals 2nd base 1-1: 3-RUN HOME RUN (Flyball, 9D, EV 95.0 MPH), Distance : 379 ft
|
Batting: LHB Semo Hoaloha
|
0-0: Ball 1-0: Ball 2-0: Ball 3-0: Called Strike 3-1: Ground out 4-3 (Groundball, 4, EV 83.1 MPH)
|
Batting: LHB Count Dante
|
0-0: SINGLE (Line Drive, 56D, EV 101.9 MPH)
|
Batting: RHB Min-gook Ch'oe
|
0-0: Ball Count Dante steals 2nd base
|
Pinch Runner at 2nd Jorge Alejándrez:
|
1-0: Called Strike 1-1: Called Strike 1-2: Foul Ball, location: 2F 1-2: Foul Ball, location: 2F 1-2: Ball 2-2: Fly out, F9 (Flyball, 9LM, EV 88.1 MPH)
|
Batting: LHB Rick Crockett
|
0-0: Ball 1-0: SINGLE (Groundball, 3D, EV 97.5 MPH) Jorge Alejándrez to third Runner from 3rd tries for Home, SAFE, no throw by RF
|
Batting: RHB Dennis Wacher
|
0-0: Ball 1-0: Called Strike 1-1: Ground out 5-3 (Groundball, 5S, EV 84.4 MPH)
|
Top of the 1st over - 4 runs, 5 hits, 0 errors, 1 left on base; Ft. Worth 4 - D.C. 0 |
BOTTOM OF THE 1ST |
D.C. Divided batting - Pitching for Ft. Worth Cattlemen : LHP Shigochiyo Tanaka
|
Pitching: LHP Shigochiyo Tanaka
|
|
Batting: RHB Kimi Okubo
|
0-0: Fly out, F9 (Flyball, 89D, EV 106.9 MPH)
|
Batting: LHB Bill Butler
|
0-0: Ball 1-0: Fly out, F2 (Popup, 25F, EV 90.6 MPH)
|
Batting: RHB Martín Chávez
|
0-0: Swinging Strike 0-1: Ball 1-1: Fly out, F7 (Flyball, 78M, EV 90.6 MPH)
|
Bottom of the 1st over - 0 runs, 0 hits, 0 errors, 0 left on base; Ft. Worth 4 - D.C. 0 |
TOP OF THE 2ND |
Ft. Worth Cattlemen batting - Pitching for D.C. Divided : RHP César Sandoval
|
Batting: SHB Bren Spillane
|
0-0: Foul Ball, location: 2F 0-1: Ball 1-1: Foul Ball, location: 2F 1-2: Fly out, F8 (Flyball, 8RS, EV 89.4 MPH)
|
Batting: RHB Jurgen Flurgenburgen
|
0-0: Ball 1-0: Ball 2-0: Ball 3-0: Called Strike 3-1: Called Strike 3-2: Ground out U3 (Groundball, 34, EV 87.5 MPH)
|
Batting: RHB Scotty Glenn
|
0-0: Reached on error, E5 (Groundball, 5S, EV 89.4 MPH)
|
Batting: SHB Kolby Hay
|
0-0: Ball Scotty Glenn steals 2nd base 1-0: Foul Ball, location: 2F 1-1: Ball 2-1: Ball 3-1: Called Strike 3-2: Fly out, F4 (Line Drive, 4, EV 73.8 MPH)
|
Top of the 2nd over - 0 runs, 0 hits, 1 error, 1 left on base; Ft. Worth 4 - D.C. 0 |
BOTTOM OF THE 2ND |
D.C. Divided batting - Pitching for Ft. Worth Cattlemen : LHP Shigochiyo Tanaka
|
Batting: RHB Layton Arntsen
|
0-0: Called Strike 0-1: Fly out, F7 (Flyball, 78M, EV 78.8 MPH)
|
Batting: LHB Stanley Zijm
|
0-0: Ball 1-0: Fly out, F7 (Flyball, 7D, EV 86.2 MPH)
|
Batting: RHB Francisco Alhama
|
0-0: Ball 1-0: Swinging Strike 1-1: Ball 2-1: Called Strike 2-2: Ball 3-2: SOLO HOME RUN (Flyball, 9LD, EV 101.2 MPH), Distance : 355 ft
|
Batting: LHB Buddy Patton
|
0-0: Ball 1-0: Ball 2-0: Called Strike 2-1: Ground out 4-3 (Groundball, 4M, EV 85.6 MPH)
|
Bottom of the 2nd over - 1 run, 1 hit, 0 errors, 0 left on base; Ft. Worth 4 - D.C. 1 |
TOP OF THE 3RD |
Ft. Worth Cattlemen batting - Pitching for D.C. Divided : RHP César Sandoval
|
Batting: LHB Semo Hoaloha
|
0-0: Ball 1-0: Ball 2-0: Called Strike 2-1: Called Strike 2-2: Fly out, F8 (Flyball, 8LM, EV 86.2 MPH)
|
Batting: LHB Jorge Alejándrez
|
0-0: Ball 1-0: Fly out, F4 (Line Drive, 4, EV 75.6 MPH)
|
Batting: RHB Min-gook Ch'oe
|
0-0: Called Strike 0-1: SINGLE (Groundball, 56D, EV 107.5 MPH)
|
Batting: LHB Rick Crockett
|
0-0: Called Strike 0-1: Called Strike 0-2: Foul Ball, location: 2F 0-2: Ball 1-2: Fly out, F6 (Line Drive, 6, EV 69.4 MPH)
|
Top of the 3rd over - 0 runs, 1 hit, 0 errors, 1 left on base; Ft. Worth 4 - D.C. 1 |
BOTTOM OF THE 3RD |
D.C. Divided batting - Pitching for Ft. Worth Cattlemen : LHP Shigochiyo Tanaka
|
Batting: RHB Peni Ferede
|
0-0: Foul Ball, location: 2F 0-1: Ball 1-1: Ball 2-1: Ball 3-1: Fly out, F9 (Flyball, 9LM, EV 78.8 MPH)
|
Batting: SHB Billy Dotson
|
0-0: Ball 1-0: Foul Ball, location: 2F 1-1: Ball 2-1: Ball 3-1: Foul Ball, location: 2F 3-2: Base on Balls
|
Batting: RHB Kimi Okubo
|
0-0: Foul Ball, location: 2F 0-1: Ball 1-1: Foul Ball, location: 2F 1-2: Foul Ball, location: 2F 1-2: Fielders Choice at 2nd, 6-4 (Groundball, 6M, EV 105.6 MPH)
|
Batting: LHB Bill Butler
|
0-0: Swinging Strike 0-1: Foul Ball, location: 2F 0-2: Ball 1-2: Ball Kimi Okubo steals 2nd base (no throw) 2-2: Ball 3-2: Base on Balls
|
Batting: RHB Martín Chávez
|
0-0: Fly out, F3 (Popup, 3S, EV 71.2 MPH)
|
Bottom of the 3rd over - 0 runs, 0 hits, 0 errors, 2 left on base; Ft. Worth 4 - D.C. 1 |
TOP OF THE 4TH |
Ft. Worth Cattlemen batting - Pitching for D.C. Divided : RHP César Sandoval
|
Batting: RHB Dennis Wacher
|
0-0: Swinging Strike 0-1: Ball 1-1: Called Strike 1-2: Strikes out swinging
|
Batting: SHB Bren Spillane
|
0-0: Ball 1-0: Called Strike 1-1: Ground out U3 (Groundball, 3, EV 108.1 MPH)
|
Batting: RHB Jurgen Flurgenburgen
|
0-0: Ball 1-0: Called Strike 1-1: Fly out, F9 (Line Drive, 9D, EV 86.2 MPH)
|
Top of the 4th over - 0 runs, 0 hits, 0 errors, 0 left on base; Ft. Worth 4 - D.C. 1 |
BOTTOM OF THE 4TH |
D.C. Divided batting - Pitching for Ft. Worth Cattlemen : LHP Shigochiyo Tanaka
|
Batting: RHB Layton Arntsen
|
0-0: Called Strike 0-1: Swinging Strike 0-2: Ball 1-2: Ball 2-2: Strikes out looking
|
Batting: LHB Stanley Zijm
|
0-0: Fly out, F9 (Flyball, 9S, EV 89.4 MPH)
|
Batting: RHB Francisco Alhama
|
0-0: Foul Ball, location: 2F 0-1: Foul Ball, location: 2F 0-2: Ball 1-2: Ball 2-2: DOUBLE (Line Drive, 9LM, EV 92.5 MPH)
|
Batting: LHB Buddy Patton
|
0-0: SINGLE (Groundball, 3D, EV 96.2 MPH) Francisco Alhama to third Runner from 3rd tries for Home, SAFE, no throw by RF
|
Batting: RHB Peni Ferede
|
0-0: Ball 1-0: Ball 2-0: Foul Ball, location: 2F 2-1: Called Strike 2-2: Foul Ball, location: 2F 2-2: 2-RUN HOME RUN (Flyball, 78XD, EV 98.8 MPH), Distance : 428 ft
|
Batting: SHB Billy Dotson
|
0-0: Foul Ball, location: 2F 0-1: Ball 1-1: Called Strike 1-2: Fly out, F9 (Flyball, 89D, EV 98.8 MPH)
|
Bottom of the 4th over - 3 runs, 3 hits, 0 errors, 0 left on base; Ft. Worth 4 - D.C. 4 |
TOP OF THE 5TH |
Ft. Worth Cattlemen batting - Pitching for D.C. Divided : RHP César Sandoval
|
Batting: RHB Scotty Glenn
|
0-0: Foul Ball, location: 2F 0-1: Called Strike 0-2: Ball 1-2: Ball 2-2: Strikes out swinging
|
Batting: SHB Kolby Hay
|
0-0: Called Strike 0-1: Ball 1-1: Ball 2-1: SOLO HOME RUN (Flyball, 89XD, EV 103.8 MPH), Distance : 431 ft
|
Pitching: RHP Gunnar Hoglund
|
|
Batting: LHB Semo Hoaloha
|
0-0: Ball 1-0: Called Strike 1-1: Ground out 6-3 (Groundball, 6M, EV 101.2 MPH)
|
Batting: LHB Jorge Alejándrez
|
0-0: Ball 1-0: Called Strike 1-1: Called Strike 1-2: Fly out, F7 (Flyball, 7LMF, EV 110.6 MPH)
|
Top of the 5th over - 1 run, 1 hit, 0 errors, 0 left on base; Ft. Worth 5 - D.C. 4 |
BOTTOM OF THE 5TH |
D.C. Divided batting - Pitching for Ft. Worth Cattlemen : LHP Shigochiyo Tanaka
|
Batting: RHB Kimi Okubo
|
0-0: Foul Ball, location: 2F 0-1: Ground out 6-3 (Groundball, 56, EV 105.0 MPH)
|
Batting: LHB Bill Butler
|
0-0: Called Strike 0-1: Ball 1-1: Ball 2-1: Ground out U3 (Groundball, 3, EV 80.6 MPH)
|
Batting: RHB Martín Chávez
|
0-0: Called Strike 0-1: Foul Ball, location: 2F 0-2: Ball 1-2: Strikes out swinging
|
Bottom of the 5th over - 0 runs, 0 hits, 0 errors, 0 left on base; Ft. Worth 5 - D.C. 4 |
TOP OF THE 6TH |
Ft. Worth Cattlemen batting - Pitching for D.C. Divided : RHP Gunnar Hoglund
|
Batting: RHB Min-gook Ch'oe
|
0-0: Ball 1-0: Foul Ball, location: 2F 1-1: Called Strike 1-2: Ball 2-2: Strikes out swinging
|
Batting: LHB Rick Crockett
|
0-0: Foul Ball, location: 2F 0-1: Ball 1-1: Swinging Strike 1-2: Strikes out swinging
|
Batting: RHB Dennis Wacher
|
0-0: Ball 1-0: Foul Ball, location: 2F 1-1: Foul Ball, location: 2F 1-2: Ball 2-2: Foul Ball, location: 2F 2-2: Ball 3-2: Strikes out swinging
|
Top of the 6th over - 0 runs, 0 hits, 0 errors, 0 left on base; Ft. Worth 5 - D.C. 4 |
BOTTOM OF THE 6TH |
D.C. Divided batting - Pitching for Ft. Worth Cattlemen : LHP Shigochiyo Tanaka
|
Batting: RHB Layton Arntsen
|
0-0: Ball 1-0: Called Strike 1-1: Fly out, F7 (Line Drive, 7, EV 85.6 MPH)
|
Batting: LHB Stanley Zijm
|
0-0: Swinging Strike 0-1: Swinging Strike 0-2: Ball 1-2: DOUBLE (Flyball, 8LXD, EV 101.9 MPH)
|
Batting: RHB Francisco Alhama
|
0-0: Ball 1-0: Called Strike 1-1: DOUBLE (Line Drive, 7LS, EV 106.2 MPH) Stanley Zijm scores
|
Pitching: RHP Dragutin Petrovic
|
|
Batting: LHB Buddy Patton
|
0-0: Intentional Walk
|
Batting: RHB Peni Ferede
|
0-0: Called Strike 0-1: Foul Ball, location: 2F 0-2: Ball 1-2: Ball 2-2: Ball 3-2: Foul Ball, location: 2F 3-2: Strikes out swinging
|
Batting: SHB Billy Dotson
|
0-0: 3-RUN HOME RUN (Flyball, 9D, EV 101.9 MPH), Distance : 393 ft
|
Batting: RHB Kimi Okubo
|
0-0: Ball 1-0: Swinging Strike 1-1: Foul Ball, location: 2F 1-2: Foul Ball, location: 2F 1-2: Foul Ball, location: 2F 1-2: Foul Ball, location: 2F 1-2: Strikes out swinging
|
Bottom of the 6th over - 4 runs, 3 hits, 0 errors, 0 left on base; Ft. Worth 5 - D.C. 8 |
TOP OF THE 7TH |
Ft. Worth Cattlemen batting - Pitching for D.C. Divided : RHP Gunnar Hoglund
|
Batting: SHB Bren Spillane
|
0-0: Foul Ball, location: 2F 0-1: Ball 1-1: Ball 2-1: Ball 3-1: Foul Ball, location: 2F 3-2: Strikes out swinging
|
Batting: RHB Jurgen Flurgenburgen
|
0-0: Called Strike 0-1: Foul Ball, location: 2F 0-2: Ground out 1-3 (Groundball, 13, EV 84.4 MPH)
|
Batting: RHB Scotty Glenn
|
0-0: Called Strike 0-1: Ball 1-1: Called Strike 1-2: Ball 2-2: Foul Ball, location: 2F 2-2: Strikes out swinging
|
Top of the 7th over - 0 runs, 0 hits, 0 errors, 0 left on base; Ft. Worth 5 - D.C. 8 |
BOTTOM OF THE 7TH |
D.C. Divided batting - Pitching for Ft. Worth Cattlemen : RHP Dragutin Petrovic
|
Batting: LHB Bill Butler
|
0-0: Ball 1-0: Ball 2-0: Ball 3-0: Called Strike 3-1: Foul Ball, location: 2F 3-2: Fly out, F9 (Flyball, 9LS, EV 76.2 MPH)
|
Batting: RHB Martín Chávez
|
0-0: Ball 1-0: SINGLE (Line Drive, 6D, EV 101.2 MPH)
|
Batting: RHB Layton Arntsen
|
0-0: Ball Martín Chávez is caught stealing 2nd base 2-4 1-0: Ground out 6-3 (Groundball, 6, EV 76.9 MPH)
|
Bottom of the 7th over - 0 runs, 1 hit, 0 errors, 0 left on base; Ft. Worth 5 - D.C. 8 |
TOP OF THE 8TH |
Ft. Worth Cattlemen batting - Pitching for D.C. Divided : RHP Gunnar Hoglund
|
Batting: SHB Kolby Hay
|
0-0: Ball 1-0: Called Strike 1-1: Fly out, F7 (Flyball, 7D, EV 90.0 MPH)
|
Batting: LHB Semo Hoaloha
|
0-0: Ball 1-0: DOUBLE (Groundball, 5L, EV 108.1 MPH)
|
Pitching: RHP Nand Lal Chaudhary
|
|
Batting: LHB Jorge Alejándrez
|
0-0: Ball 1-0: 2-RUN HOME RUN (Flyball, 9D, EV 95.6 MPH), Distance : 384 ft
|
Batting: RHB Min-gook Ch'oe
|
0-0: Ball 1-0: Swinging Strike 1-1: Ground out 6-3 (Groundball, 6, EV 88.1 MPH)
|
Batting: LHB Rick Crockett
|
0-0: Ball 1-0: Called Strike 1-1: Foul Ball, location: 2F 1-2: Ball 2-2: Foul Ball, location: 2F 2-2: SOLO HOME RUN (Flyball, 9D, EV 108.8 MPH), Distance : 376 ft
|
Batting: RHB Dennis Wacher
|
0-0: Called Strike 0-1: Called Strike 0-2: Strikes out swinging
|
Top of the 8th over - 3 runs, 3 hits, 0 errors, 0 left on base; Ft. Worth 8 - D.C. 8 |
BOTTOM OF THE 8TH |
D.C. Divided batting - Pitching for Ft. Worth Cattlemen : RHP Dragutin Petrovic
|
Batting: LHB Stanley Zijm
|
0-0: SINGLE (Line Drive, 7S, EV 91.9 MPH)
|
Batting: RHB Francisco Alhama
|
0-0: Called Strike Stanley Zijm steals 2nd base (no throw) 0-1: Sac Bunt to 13S - play at first, batter OUT! 1-3 Stanley Zijm to third
|
Batting: LHB Buddy Patton
|
0-0: Intentional Walk
|
Batting: RHB Peni Ferede
|
0-0: Called Strike 0-1: Foul Ball, location: 2F 0-2: Ball 1-2: Strikes out swinging
|
Batting: SHB Billy Dotson
|
0-0: Called Strike 0-1: Ball 1-1: Ball 2-1: Foul Ball, location: 2F 2-2: Fly out, F7 (Flyball, 7S, EV 89.4 MPH)
|
Bottom of the 8th over - 0 runs, 1 hit, 0 errors, 2 left on base; Ft. Worth 8 - D.C. 8 |
TOP OF THE 9TH |
Ft. Worth Cattlemen batting - Pitching for D.C. Divided : RHP Nand Lal Chaudhary
|
Batting: SHB Bren Spillane
|
0-0: Foul Ball, location: 2F 0-1: Ball 1-1: SINGLE (Flyball, 9LM, EV 89.4 MPH)
|
Batting: RHB Jurgen Flurgenburgen
|
0-0: Bunted foul 0-1: Ball 1-1: Ball 2-1: Sac Bunt to 23 - play at first, batter OUT! 3-4 Bren Spillane to second
|
Batting: RHB Scotty Glenn
|
0-0: Ground out 2-3 (Groundball, 2L, EV 70.6 MPH) Bren Spillane to third
|
Batting: SHB Kolby Hay
|
0-0: Ball 1-0: Ball 2-0: Ball 3-0: Base on Balls
|
Batting: LHB Semo Hoaloha
|
0-0: Called Strike 0-1: Ground out 4-3 (Groundball, 34, EV 110.6 MPH)
|
Top of the 9th over - 0 runs, 1 hit, 0 errors, 2 left on base; Ft. Worth 8 - D.C. 8 |
BOTTOM OF THE 9TH |
D.C. Divided batting - Pitching for Ft. Worth Cattlemen : RHP Dragutin Petrovic
|
Pitching: RHP Jack Buyse
|
|
Batting: RHB Kimi Okubo
|
0-0: Ball 1-0: Ball 2-0: Called Strike 2-1: Foul Ball, location: 2F 2-2: Strikes out looking
|
Batting: LHB Bill Butler
|
0-0: Called Strike 0-1: Ball 1-1: Ball 2-1: Foul Ball, location: 2F 2-2: SINGLE (Groundball, 4, EV 80.0 MPH) (infield hit)
|
Batting: RHB Martín Chávez
|
0-0: Ball 1-0: Ball 2-0: Swinging Strike 2-1: DOUBLE (Line Drive, 3D, EV 100.6 MPH) Bill Butler to third
|
Batting: RHB Layton Arntsen
|
0-0: Ball 1-0: Fly out, F9 (Flyball, 9LMF, EV 108.1 MPH) Runner from 3rd tags up, SCORES, no throw by RF
|
|
Friday, March 26th, 2021 - OOTP Baseball 20.8 Build 74
|
|